 Seeded DCSS version 0.29-a0-371-g91724d5b39 (webtiles) character file.

Game seed: 3853640191977401903 (custom seed)

303 zeratav the Insei (level 6, -6/57 HPs)
             Began as an Octopode Transmuter on May 2, 2022.
             Was an Initiate of Gozag.
             Mangled by a gnoll
             ... wielding a +0 halberd
              (8 damage)
             ... on level 4 of the Dungeon.
             The game lasted 00:06:41 (4028 turns).

zeratav the Insei (Octopode Transmuter)             Turns: 4028, Time: 00:06:42

Health: -6/57      AC: 27    Str: 10    XL:     6   Next: 38%
Magic:  9/9        EV:  2    Int: 23    God:    Gozag
Gold:   410        SH:  0    Dex: 21    Spells: 8/9 levels left

rFire   + . .      SeeInvis .     - Unarmed
rCold   . . .      Faith    .   (no shield)
rNeg    + + +      Spirit   .   (helmet currently unavailable)
rPois   +          Reflect  .   (no amulet)
rElec   +          Harm     .   e - ring "Nugredwy" {Drain rElec rPois rF+ rN+++}
rCorr   .          Rampage  .   g - +4 ring of protection
Will    .....      NoTele   +   i - ring "Hom Apn" {Wiz Drain Int+6 Dex+9 Slay-2}
Stlth   ++........              (no ring)
HPRegen 0.19/turn               (no ring)
MPRegen 0.11/turn               (no ring)
                                (no ring)
                                (no ring)

@: tree-form, held
A: stationary, stasis, torment immunity, boosted hp, almost no armour,
(amphibious), 8 rings, (camouflage 1), (gelatinous body 1), (nimble swimmer 1),
(tentacles)
a: Renounce Religion, Potion Petition, Call Merchant, Bribe Branch


You were on level 4 of the Dungeon.
You worshipped Gozag.
Gozag was aware of your devotion.
You were a tree.
You visited 1 branch of the dungeon, and saw 4 of its levels.

You collected 428 gold pieces.
You paid 18 gold pieces to Gozag.


Innate Abilities, Weirdness & Mutations

You are a tree.
Your roots penetrate the ground, keeping you stationary.
You cannot be teleported.
You are immune to unholy pain and torment.
Your maximum health is greatly increased.
You cannot wear most types of armour.
((You are amphibious.))
You can wear up to eight rings at the same time.
((Your skin changes colour to match your surroundings (Stealth+).))
((Your rubbery body absorbs attacks. (AC +1, EV +1)))
((You are camouflaged when in or above water. (Stealth+)))
((You have tentacles for arms and can constrict up to eight enemies at once.))


   Skills:
 - Level 1.0 Fighting
 - Level 2.0 Dodging
 + Level 7.0 Unarmed Combat
 - Level 2.0 Spellcasting
 - Level 2.0 Transmutations


You had 8 spell levels left.
You knew the following spells:

 Your Spells              Type           Power      Damage    Failure   Level
a - Beastly Appendage     Tmut           22%        N/A       2%          1

Your spell library contained the following spells:

 Spells                   Type           Power      Damage    Failure   Level
 Wereblood                Tmut           11%        N/A       3%          2
 Sublimation of Blood     Necr           2%         N/A       8%          2
 Spider Form              Tmut/Pois      6%         N/A       11%         3
 Gell's Gravitas          Tloc           2%         N/A       16%         3
 Lesser Beckoning         Tloc           2%         N/A       16%         3
 Portal Projectile        Hex/Tloc       4%         N/A       16%         3
 Teleport Other           Tloc           2%         N/A       16%         3
 Ice Form                 Ice/Tmut       6%         N/A       32%         4
 Blade Hands              Tmut           5%         N/A       50%         5
 Excruciating Wounds      Necr           1%         N/A       77%         5
 Summon Hydra             Summ           1%         N/A       100%        7

Inventory:

Armour
 f - the +3 hat of Pondering (melded) {ponderous, Will+ MP+10 Int+5}
   (You acquired it on level 1 of the Dungeon)

   Int:       It affects your intelligence (+5).
   MP:        It affects your magic capacity (+10).
   Will:      It increases your willpower.
Magical Staves
 n - a staff of conjuration {@e2staff}
   (You found it on level 3 of the Dungeon)
Jewellery
 e - the ring "Nugredwy" (left branch) {Drain rElec rPois rF+ rN+++}
   (You acquired it on level 1 of the Dungeon)

   [ring of protection from fire]

   rF:        It protects you from fire.
   rElec:     It insulates you from electricity.
   rPois:     It protects you from poison.
   rN:        It renders you almost immune to negative energy.
   Drain:     It drains your maximum health when unequipped.
 g - a +4 ring of protection (right branch)
   (You found it on level 2 of the Dungeon)
 i - the ring "Hom Apn" (on tentacle) {Wiz Drain Int+6 Dex+9 Slay-2}
   (You acquired it on level 2 of the Dungeon)

   [ring of wizardry]

   It improves your spell success rate.
   Int:       It affects your intelligence (+6).
   Dex:       It affects your dexterity (+9).
   Slay:      It affects your accuracy & damage with ranged weapons and melee
   (-2).
   Drain:     It drains your maximum health when unequipped.
 k - an amulet of magic regeneration {@e2}
   (You found it on level 3 of the Dungeon)
Scrolls
 b - a scroll of magic mapping {unknown}
 c - 4 scrolls of teleportation {unknown}
 d - 5 scrolls of identify {unknown}
 h - 3 scrolls of immolation {!r!r}
 l - a scroll of fog {unknown}
 m - a scroll of amnesia {unknown}
Potions
 j - a potion of invisibility {unknown}
 o - a potion of brilliance {unknown}

Dungeon Overview and Level Annotations

Branches:
Dungeon (4/15)
 Temple: D:4-7

Altars:
Gozag
Makhleb

Shops:
D:1 (([!   D:2 !

Annotations:
D:3 3 runed translucent doors, spaghetti's ghost, amateur GnCj

#.# )........
#.# ....♣..
#########.#
♣.♣..)♣
..........#
.....
###########
♣...♣
##############


gg. .............# ♣g♣ ############.##♣$♣ #..##♣# ##....# ###### You could see 3
gnolls.


Message History

You kill the gnoll!
The gnoll hits you from afar with a +0 halberd.
* * * LOW HITPOINT WARNING * * *
The gnoll is distracted by your dazzling golden aura.
HP[-14]
You take 14 damage, and now have 10/38 hp.
MASSIVE DAMAGE!! (PAUSE) Really quaff the potion of lignification?
You turn into a tree.
The +3 hat of Pondering {ponderous, Will+ MP+10 Int+5} melds into your body.
That put a bit of spring back into your step.
Your roots penetrate the ground.
The gnoll hits you but does no damage. x2
HP[+6] MP[-10]
You now have 57 max hp (+19).
You regained 6 hp, and now have 16/57 hp.
The gnoll shouts!
You smack the gnoll!
You kill the gnoll!
The gnoll hits you from afar with a +0 halberd.
* * * LOW HITPOINT WARNING * * *
Your Unarmed Combat skill increases to level 7!
HP[-3]
You take 3 damage, and now have 13/57 hp.
You cannot move.
The gnoll is no longer distracted by gold.
The gnoll hits you but does no damage.
The gnoll is distracted by your dazzling golden aura.
HP[+1]
The gnoll is no longer distracted by gold.
The gnoll barely misses you.
There are monsters nearby!
The gnoll hits you but does no damage. The gnoll hits you but does no damage.
The gnoll is distracted by your dazzling golden aura.
The gnoll throws a throwing net.
The throwing net hits you.
You become entangled in the net!
HP[+1]
You struggle against the net.
The gnoll hits you but does no damage.
The gnoll is distracted by your dazzling golden aura.
You tear a large gash into the net.
The gnoll hits you but does no damage.
You rip the net and break free!
The gnoll hits you but does no damage.
You cannot move.
You cannot move.
You cannot move.
You cannot move.
Unknown command.
You cannot move.
You cannot move.
You cannot move.
You cannot move.
You cannot move.
You cannot move.
You cannot move.
You cannot move.
You cannot move.
You cannot move.
You cannot move.
You cannot move.
You cannot move.
You cannot move.
You cannot move.
You cannot move.
You cannot move.
You cannot move.
You cannot move.
The gnoll is no longer distracted by gold. x2
The gnoll throws a throwing net.
The throwing net hits you.
You become entangled in the net!
Unknown command.
Unknown command.
Unknown command.
The gnoll hits you but does no damage.
HP[+1]
The gnoll hits you but does no damage. The gnoll hits you but does no damage.
The gnoll hits you from afar with a +0 halberd.
* * * LOW HITPOINT WARNING * * *
The gnoll hits you from afar with a +0 halberd.
* * * LOW HITPOINT WARNING * * *
The gnoll hits you but does no damage.
HP[-8]
You take 8 damage, and now have 8/57 hp.
The gnoll barely misses you.
HP[+1]
The gnoll hits you but does no damage.
The gnoll hits you from afar with a +0 halberd!
* * * LOW HITPOINT WARNING * * *
The gnoll hits you but does no damage.
HP[-8]
You take 8 damage, and now have 1/57 hp.
The gnoll hits you but does no damage. The gnoll hits you but does no damage.
HP[+1]
The gnoll barely misses you. The gnoll hits you but does no damage.
The gnoll hits you but does no damage.
The gnoll hits you from afar with a +0 halberd!
You die...
Your body crumbles into a pile of gold.

Skill      XL: |  1  2  3  4  5  6 |
---------------+-------------------+-----
Unarmed Combat | 4 5 6 7 |  7.0
Fighting       | |  1.0
Dodging        | |  2.0
Spellcasting   | |  2.0
Transmutations | |  2.0

Action                   |  1- 3 |  4- 6 || total
-------------------------+-------+-------++-------
Melee: Unarmed           |    78 |   115 ||   193
       Tentacles         |    10 |    30 ||    40
       Constrict         |    17 |    24 ||    41
       Punch             |     3 |     5 ||     8
  Use: Scroll            |     2 |     1 ||     3
       Potion            |       |     1 ||     1
 Stab: Sleeping          |     8 |     8 ||    16
Armor: Skin              |    15 |    40 ||    55
Dodge: Dodged            |    54 |    63 ||   117

Levels and vault maps discovered:
D:1:      kilobyte_arrival_exit_the_forest, layout_loops_ring, serial_shops,
          nicolae_shop_statue_plus, shop, nicolae_shop_advertising_works
          [nicolae_subvault_shop_adworks], shop_fountains, nrook_mini_vaults
D:2:      layout_basic, serial_shops, shop, basic_altar,
          nicolae_concentric_dashed_squares_wild
D:3:      layout_basic, hellmonk_ecumenical_altar_blasted,
          gammafunk_ghost_nasty_kobolds, kennysheep_crisscross, chequers_jeans
D:4:      layout_basic, makhleb_heckhound_becter, pf_guarded_unrand_woodcutter

Notes
Turn   | Place    | Note
-------+----------+-------------------------------------------
     0 | D:1      | zeratav the Octopode Transmuter began the quest for the
                  | Orb.
     0 | D:1      | Reached XP level 1. HP: 13/13 MP: 3/3
     0 | D:1      | magus.rc [v1.9.6]
   309 | D:1      | Found Xutira's Antique Weapon Boutique.
   460 | D:1      | Reached XP level 2. HP: 6/18 MP: 5/5
   737 | D:1      | Found Fonyeneyf's Antique Weapon Boutique.
   876 | D:1      | Found Taxaret's Armour Shoppe.
   943 | D:1      | Found Hunookki's Distillery.
  1060 | D:1      | You pick up a book of Blood and begin reading...
  1060 | D:1      | You add the spells Sublimation of Blood and Summon Hydra to
                  | your library.
  1130 | D:1      | Identified 2 scrolls of acquirement
  1130 | D:1      | Acquired the +3 hat of Pondering {ponderous, Will+ MP+10
                  | Int+5}
  1130 | D:1      | Found the +3 hat of Pondering {ponderous, Will+ MP+10
                  | Int+5}
  1209 | D:1      | Acquired the ring "Nugredwy" {Drain rElec rPois rF+ rN+++}
  1231 | D:2      | Reached skill level 4 in Unarmed Combat
  1237 | D:2      | Reached XP level 3. HP: 21/23 MP: 6/6
  1291 | D:2      | Found Xeott's Distillery.
  1925 | D:2      | Found an opulent altar of Gozag.
  1944 | D:2      | Became a worshipper of Gozag Ym Sagoz the Greedy
  1956 | D:2      | Reached XP level 4. HP: 28/28 MP: 7/7
  2151 | D:2      | Acquired the ring "Hom Apn" {Wiz Drain Int+6 Dex+9 Slay-2}
  2355 | D:3      | Found a runed translucent gate.
  2356 | D:3      | Found a runed translucent gate.
  2356 | D:3      | Noticed a kobold brigand
  2356 | D:3      | Noticed spaghetti's ghost (amateur GnCj)
  2357 | D:3      | Found a runed translucent gate.
  2454 | D:3      | Reached skill level 5 in Unarmed Combat
  2533 | D:3      | You pick up a book of Weapons and begin reading...
  2533 | D:3      | You add the spells Portal Projectile, Excruciating Wounds
                  | and Blade Hands to your library.
  2543 | D:3      | Found a faded altar of an unknown god.
  3152 | D:3      | You pick up a book of Displacement and begin reading...
  3152 | D:3      | You add the spells Lesser Beckoning, Gell's Gravitas and
                  | Teleport Other to your library.
  3384 | D:4      | Reached XP level 5. HP: 21/33 MP: 8/8
  3557 | D:4      | Noticed a phantom
  3585 | D:4      | Killed a phantom
  3586 | D:4      | Reached skill level 6 in Unarmed Combat
  3766 | D:4      | Found a burning altar of Makhleb.
  3774 | D:4      | Reached XP level 6. HP: 38/38 MP: 9/9
  3999 | D:4      | HP: 13/57 [gnoll/+0 halberd (3)]
  4000 | D:4      | Reached skill level 7 in Unarmed Combat
  4016 | D:4      | HP: 10/57 [gnoll/+0 halberd (6)]
  4021 | D:4      | HP: 1/57 [gnoll/+0 halberd (8)]
  4028 | D:4      | Mangled by a gnoll

Vanquished Creatures
  A phantom (D:4)
  A howler monkey (D:4)
  A hound (D:4)
  5 gnolls (D:4)
  4 adders
  2 worms (D:3)
  2 dart slugs (D:2)
  3 orcs
  10 ball pythons
  4 giant cockroaches
  6 goblins
  2 hobgoblins
  8 kobolds
  7 quokkas
  3 bats (D:2)
  2 frilled lizards
  5 rats
66 creatures vanquished.

Vanquished Creatures (others)
  3 fungi (D:3)
  A plant (D:3)
4 creatures vanquished.

Grand Total: 70 creatures vanquished

Table legend:
 A = Non-vault XP
 B = Vault XP
 C = Vault XP percentage of total XP
 D = Non-vault monster count
 E = Vault monster count
 F = Vault count percentage of total count
                 A         B        C        D         E       F
            +---------+---------+-------+---------+---------+-------
      Total |     318 |     115 |  26.6 |      60 |       6 |   9.1
            +---------+---------+-------+---------+---------+-------
        D:1 |      16 |       0 |   0.0 |      10 |       0 |   0.0
        D:2 |      67 |       0 |   0.0 |      23 |       0 |   0.0
        D:3 |      61 |       0 |   0.0 |      18 |       0 |   0.0
        D:4 |     174 |     115 |  39.8 |       9 |       6 |  40.0
            +---------+---------+-------+---------+---------+-------

Illustrated notes

Table legend:
 A = Kills in this place as a percentage of kills in entire the game.
 B = Kills by you in this place as a percentage of kills by you in the entire game.
 C = Kills by friends in this place as a percentage of kills by friends in the entire game.
 D = Other kills in this place as a percentage of other kills in the entire game.
 E = Experience gained in this place as a percentage of experience gained in the entire game.
 F = Experience gained in this place divided by the number of levels of this place that you have seen.
                   A       B       C       D       E      F
               +-------+-------+-------+-------+-------+----------------------
         Total | 100.0 | 100.0 |   N/A |   N/A | 100.0 | 108.2
       Dungeon | 100.0 | 100.0 |   N/A |   N/A | 100.0 | 108.2
               +-------+-------+-------+-------+-------+----------------------

Table legend: (Time is in decaauts)
 A = Elapsed time spent in this place.
 B = Non-inter-level travel time spent in this place.
 C = Inter-level travel time spent in this place.
 D = Time resting spent in this place.
 E = Time spent auto-exploring this place.
 F = Levels seen in this place.
 G = Mean time per level.
                   A        B        C        D        E       F      G
               +--------+--------+--------+--------+--------+-----+--------+
         Total |   4221 |   4100 |    121 |    492 |   3030 |   4 | 1055.2 |
       Dungeon |   4221 |   4100 |    121 |    492 |   3030 |   4 | 1055.2 |
               +--------+--------+--------+--------+--------+-----+--------+

Top non-repeatable levels by time:
     D:1: 1216 daAuts
     D:3: 1176 daAuts
     D:2: 1018 daAuts
     D:4: 809 daAuts
